 Dungeon Crawl Stone Soup version 0.23.0-38-g208d714 (webtiles) character file.

Game seed: 14395776990750220825

37098 Fang the Fighter (level 13, 0/96 HPs)
             Began as a Gargoyle Berserker on Feb 27, 2019.
             Was the Champion of Trog.
             Slain by a spiny frog (4 damage)
             ... on level 6 of the Lair of Beasts.
             The game lasted 00:18:21 (16348 turns).

Fang the Fighter (Gargoyle Berserker)              Turns: 16348, Time: 00:18:21

Health: 0/96       AC: 41    Str: 27    XL:     13   Next: 94%
Magic:  11/11      EV: 13    Int: 12    God:    Trog [******]
Gold:   1038       SH:  0    Dex:  9    Spells: 12/12 levels left

rFire    . . .     SeeInvis .   M - +4 executioner's axe (flame)
rCold    . . .     Gourm    .   (shield currently unavailable)
rNeg     + . .     Faith    .   f - +1 chain mail of Insurance {rCorr Int+3}
rPois    ∞         Spirit   .   q - +2 helmet
rElec    +         Reflect  .   d - +2 cloak
rCorr    +         Harm     .   E - +1 pair of gloves
MR       .....                  I - +0 pair of boots
Stlth    ..........             r - amulet of rage
HPRegen  0.26/turn              J - +2 ring of strength
MPRegen  0.12/turn              z - +3 ring of protection

@: berserk cooldown, flying, starving, slowed, very slow
A: big wings, icy blue scales 1, iridescent scales 1, low mp 1, negative energy
resistance 1, robust 1, electricity resistance, unbreathing, evolution 1,
petrification resistance, rot immunity, AC +9
a: Stop Flying, Berserk, Trog's Hand, Brothers in Arms, Renounce Religion, Evoke
Berserk Rage


You were on level 6 of the Lair of Beasts.
You worshipped Trog.
Trog was exalted by your worship.
You were starving.

You visited 3 branches of the dungeon, and saw 19 of its levels.
You also visited: Sewer and Ossuary.

You collected 1038 gold pieces.

Inventory:

Hand Weapons
 e - a +4 antimagic battleaxe
 t - a +4 hand axe of freezing
 u - a +0 hand axe of venom
 B - a +3 war axe
 M - a +4 executioner's axe of flaming (weapon)
Armour
 a - a +1 plate armour
 d - a +2 cloak (worn)
 f - the +1 chain mail of Insurance (worn) {rCorr Int+3}
   (You found it on level 3 of the Lair of Beasts)

   It affects your intelligence (+3).
   It provides partial protection from all sources of acid and corrosion.
 q - a +2 helmet (worn)
 E - a +1 pair of gloves (worn)
 I - a +0 pair of boots (worn)
Jewellery
 o - an uncursed ring of protection from cold
 r - an amulet of rage (around neck)
 z - a +3 ring of protection (right hand)
 J - a +2 ring of strength (left hand)
Wands
 k - a wand of digging (3)
 y - a wand of paralysis (16)
 H - a wand of polymorph (22)
Scrolls
 b - 6 scrolls of teleportation
 g - 7 scrolls of magic mapping
 p - 5 scrolls of remove curse
 s - 2 scrolls of blinking
 C - 2 scrolls of fear
 K - 4 scrolls of identify
Potions
 i - 4 potions of might
 j - 2 potions of magic
 l - 12 potions of curing
 m - 2 potions of resistance
 n - a potion of ambrosia
 v - 5 potions of haste
 w - 7 potions of brilliance
 x - 3 potions of berserk rage
 A - a potion of cancellation
 D - 6 potions of heal wounds
 F - a potion of agility
 G - 3 potions of lignification
Comestibles
 c - 29 rations


   Skills:
 + Level 13.1 Fighting
 + Level 11.2 Axes
 + Level 12.8 Armour
 + Level 10.2 Dodging


You had 12 spell levels left.
You didn't know any spells.
Your spell library was empty.

Dungeon Overview and Level Annotations

Branches:
Dungeon (12/15)            Temple (1/1) D:4            Lair (6/6) D:8
  Swamp (0/4) Lair:4       Spider (0/4) Lair:2        Slime (0/5) Lair:5
    Orc: D:9-12

Altars:
Hepliaklqana
Okawaru
Qazlal
Trog
Wu Jian
Xom
Yredelemnul
Jiyva

Shops:
D:6 %


Innate Abilities, Weirdness & Mutations

You are resistant to torment.
Your stone body is resilient. (AC +9)
You are immune to poison.
You resist negative energy. (rN+)
You are resistant to electric shocks. (rElec)
You can survive without breathing.
You are immune to petrification.
You are immune to rotting.
Your large and strong wings let you fly indefinitely.
You are partially covered in icy blue scales. (AC +2)
You are partially covered in iridescent scales. (AC +2)
Your magical capacity is low. (-10% MP)
You are robust. (+10% HP)
You evolve.


Message History

The spiny frog stings you but does no damage.
The blink frog hits you!
* * * LOW HITPOINT WARNING * * *
The blink frog blinks!
A tyrant leech comes into view.
The spiny frog completely misses you.
The spiny frog stings you but does no damage.
The blink frog blinks!
The tyrant leech barely misses you. The spiny frog barely misses you.
You miss the tyrant leech.
The tyrant leech is severely wounded.
You closely miss the bullfrog. You barely miss the spiny frog.
You closely miss the spiny frog.
Your chain mail of Insurance prevents you from hitting the spiny frog.
The bullfrog hits you but does no damage.
The blink frog blinks!
The spiny frog stings you but does no damage. x2
The bullfrog hits you but does no damage.
The spiny frog barely misses you. The spiny frog stings you.
You die...

#..P P≈≈≈##≈≈≈P≈P #...
#≈≈≈≈#≈≈≈P.# ##.P#
#P≈≈≈≈w≈.P≈#### ##....
#≈≈P≈≈≈≈≈§....#
###..... #.≈≈≈≈≈≈.≈≈.P
##....... #≈≈≈≈F≈..F.#
#.#...... #≈≈≈≈FwFP.#
##.....P. #.≈≈≈F@F.#
##...... #.≈≈≈§†§.#
##.....P. ##≈≈≈..≈.##
#........
#PP.≈....#####........
#≈P.....###PPP........
##......#..P..........
#..≈.................
#......P.†...........
#######..†...........


You could see 2 tyrant leeches, 3 spiny frogs, 2 blink frogs and a bullfrog.

Vanquished Creatures
  Gastronok (Lair:1)
  The ghost of HunfridMar the Eclecticist, a journeyman DECj of Vehumet (Lair:3)
  5 hydras
  Harold (Lair:1)
  3 two-headed ogres
  Urug (Lair:3)
  Sonja (Lair:1)
  3 unseen horrors (D:10)
  An ugly thing (D:11)
  5 elephants
  2 centaur zombies
  9 spiny frogs
  3 black mambas
  3 komodo dragons
  A freezing wraith (D:9)
  3 trolls
  16 blink frogs
  A polar bear (Lair:5)
  5 hippogriffs
  Sigmund (D:2)
  2 wraiths
  A wyvern (D:9)
  Grum (Lair:1)
  19 yaks
  3 basilisks
  3 hungry ghosts
  2 vampire mosquitoes (Lair:6)
  4 swamp worms (Lair:4)
  11 water moccasins
  9 porcupines
  7 orc warriors
  5 sky beasts (D:8)
  An eye of draining (D:8)
  4 phantoms
  An ice beast (D:8)
  A necrophage (D:7)
  3 wolves (Lair:1)
  5 ogres
  4 centaurs
  3 crocodiles
  3 big kobolds
  15 bullfrogs
  A water moccasin zombie (D:8)
  2 scorpions
  8 killer bees
  13 wights
  11 crimson imps
  A howler monkey (D:11)
  3 bullfrog zombies
  3 bullfrog skeletons
  6 jellies
  6 hounds
  7 orc priests
  9 orc wizards
  Jessica (D:2)
  5 iguanas
  6 worker ants
  9 big kobold zombies (Ossuary)
  A mummy (Ossuary)
  Robin (D:2)
  10 adders
  4 shadow imps
  4 oozes
  2 adder skeletons
  3 worms
  3 dart slugs
  5 leopard geckos
  74 orcs
  A spectral bat (Ossuary)
  3 giant cockroaches
  3 gnoll zombies (Ossuary)
  19 goblins
  15 hobgoblins
  12 jackals
  8 quokkas
  2 ball pythons
  6 bats
  2 bat simulacra (Ossuary)
  5 frilled lizards
  5 goblin simulacra (Ossuary)
  5 goblin zombies (Ossuary)
  3 hobgoblin zombies (Ossuary)
  18 kobolds
  6 kobold zombies (Ossuary)
  A leopard gecko skeleton (D:5)
  4 orc zombies (Ossuary)
  11 rats
  3 rat simulacra (Ossuary)
  4 spectral goblins (Ossuary)
  5 spectral kobolds (Ossuary)
  2 spectral rats (Ossuary)
  3 plants
517 creatures vanquished.

Vanquished Creatures (collateral kills)
  A komodo dragon (Lair:3)
1 creature vanquished.

Vanquished Creatures (others)
  11 plants
11 creatures vanquished.

Grand Total: 529 creatures vanquished

Notes
Turn   | Place    | Note
-------+----------+-------------------------------------------
     0 | D:1      | Fang the Gargoyle Berserker began the quest for the Orb.
     0 | D:1      | Reached XP level 1. HP: 14/14 MP: 1/1
   202 | D:1      | Reached XP level 2. HP: 17/19 MP: 2/2
   698 | D:1      | Reached XP level 3. HP: 23/23 MP: 3/3
   906 | D:1      | Reached ** piety under Trog
  1068 | D:2      | Noticed Jessica
  1076 | D:2      | Killed Jessica
  1076 | D:2      | Reached skill level 4 in Fighting
  1076 | D:2      | Reached XP level 4. HP: 17/29 MP: 4/4
  1079 | D:2      | Noticed Sigmund
  1092 | D:2      | Killed Sigmund
  1092 | D:2      | Reached XP level 5. HP: 23/34 MP: 5/5
  1092 | D:2      | Reached XP level 6. HP: 26/39 MP: 6/6
  1335 | D:2      | Noticed Robin
  1349 | D:2      | Killed Robin
  1547 | D:2      | Found a stormy altar of Qazlal.
  1930 | D:3      | Reached skill level 5 in Fighting
  2063 | D:3      | Found an iron altar of Okawaru.
  2556 | D:4      | Found a staircase to the Ecumenical Temple.
  2650 | D:4      | Reached XP level 7. HP: 44/44 MP: 7/7
  2669 | D:4      | Reached *** piety under Trog
  2701 | Temple   | Entered the Ecumenical Temple
  2761 | D:4      | Found a hazy altar of Hepliaklqana.
  2952 | D:5      | Entered Level 5 of the Dungeon
  3028 | D:5      | Found a glowing drain.
  3062 | D:5      | Reached skill level 5 in Armour
  3070 | Sewer    | Entered a sewer
  3139 | Sewer    | Reached XP level 8. HP: 50/51 MP: 8/8
  3158 | Sewer    | Found a glowing silver altar of Zin.
  3402 | D:5      | Reached skill level 6 in Fighting
  3419 | D:5      | Reached **** piety under Trog
  3429 | D:5      | Reached skill level 5 in Axes
  4377 | D:6      | Found a sand-covered staircase.
  4384 | Ossuary  | Entered an ossuary
  4618 | Ossuary  | Reached ***** piety under Trog
  4893 | D:6      | Reached skill level 7 in Fighting
  4893 | D:6      | Reached XP level 9. HP: 54/57 MP: 9/9
  4910 | D:6      | Found a shimmering altar of Xom.
  4911 | D:6      | Found a shimmering altar of Xom.
  4925 | D:6      | Reached skill level 5 in Dodging
  5227 | D:6      | Found Musowory's Food Emporium.
  5866 | D:7      | Received a gift from Trog
  6080 | D:7      | Found a bloodstained altar of Trog.
  6083 | D:7      | Found an iron altar of Okawaru.
  6255 | D:7      | Paralysed by fainting for 8 turns
  6285 | D:7      | Paralysed by fainting for 8 turns
  6295 | D:7      | Reached skill level 8 in Fighting
  6820 | D:8      | Reached XP level 10. HP: 62/64 MP: 10/10
  6883 | D:8      | Found a basalt altar of Yredelemnul.
  7018 | D:8      | Found a staircase to the Lair.
  7018 | D:8      | Noticed an elephant
  7031 | D:8      | Killed an elephant
  7118 | D:8      | Reached skill level 9 in Fighting
  7705 | D:8      | Noticed a two-headed ogre
  7719 | D:8      | Killed a two-headed ogre
  7867 | D:9      | Found an ornate altar of the Wu Jian Council.
  8001 | D:9      | Reached XP level 11. HP: 43/72 MP: 11/11
  8843 | D:9      | Received a gift from Trog
  9214 | D:9      | Noticed a two-headed ogre
  9221 | D:9      | Killed a two-headed ogre
  9221 | D:9      | Reached skill level 10 in Fighting
  9425 | D:10     | Entered Level 10 of the Dungeon
  9802 | D:10     | Killed an unseen horror
  9802 | D:10     | Reached skill level 10 in Armour
 10043 | D:10     | Killed an unseen horror
 10317 | D:10     | Killed an unseen horror
 11200 | D:11     | Noticed a brown ugly thing
 11215 | D:11     | Killed a brown ugly thing
 11454 | D:11     | Reached XP level 12. HP: 74/79 MP: 12/12
 11458 | D:11     | Reached skill level 11 in Fighting
 11460 | D:11     | Reached ****** piety under Trog
 11540 | D:11     | Received a gift from Trog
 11848 | D:11     | Noticed a two-headed ogre
 11853 | D:11     | Killed a two-headed ogre
 12203 | Lair:1   | Entered Level 1 of the Lair of Beasts
 12282 | Lair:1   | Noticed Gastronok
 12292 | Lair:1   | Killed Gastronok
 12328 | Lair:1   | Noticed a seven-headed hydra
 12338 | Lair:1   | Killed a three-headed hydra
 12516 | Lair:1   | Noticed Grum
 12530 | Lair:1   | Noticed Sonja
 12531 | Lair:1   | Killed Grum
 12542 | Lair:1   | Reached skill level 10 in Axes
 12544 | Lair:1   | Killed Sonja
 12544 | Lair:1   | Noticed Harold
 12567 | Lair:1   | Killed Harold
 12689 | Lair:1   | Found a frozen archway.
 13094 | Lair:2   | Reached skill level 12 in Fighting
 13107 | Lair:2   | Reached XP level 13. HP: 38/86 MP: 13/13
 13157 | Lair:2   | Found a hole to the Spider Nest.
 13659 | Lair:3   | Received a gift from Trog
 13744 | Lair:3   | Found a runed translucent door.
 13774 | Lair:3   | Noticed HunfridMar's ghost (journeyman DECj)
 13804 | Lair:3   | Got a heavily runed chain mail
 13813 | Lair:3   | Killed HunfridMar's ghost
 13882 | Lair:3   | Gained mutation: Scrolls take you a little longer to read.
                  | [potion of mutation]
 13882 | Lair:3   | Gained mutation: Your muscles are strong. (Str +2) [potion
                  | of mutation]
 13882 | Lair:3   | Gained mutation: You are frail. (-10% HP) [potion of
                  | mutation]
 13882 | Lair:3   | Gained mutation: You evolve. [potion of mutation]
 13883 | Lair:3   | Lost mutation: Scrolls take you a little longer to read.
                  | [potion of mutation]
 13883 | Lair:3   | Lost mutation: You are frail. (-10% HP) [potion of
                  | mutation]
 13883 | Lair:3   | Gained mutation: Your magical capacity is low. (-10% MP)
                  | [potion of mutation]
 13883 | Lair:3   | Gained mutation: Scrolls take you a little longer to read.
                  | [potion of mutation]
 13883 | Lair:3   | Gained mutation: You are partially covered in icy blue
                  | scales. (AC +2) [potion of mutation]
 13884 | Lair:3   | Lost mutation: Scrolls take you a little longer to read.
                  | [potion of mutation]
 13884 | Lair:3   | Lost mutation: Your muscles are strong. (Str +2) [potion of
                  | mutation]
 13884 | Lair:3   | Gained mutation: Your large and strong wings let you fly
                  | indefinitely. [potion of mutation]
 13884 | Lair:3   | Gained mutation: You are partially covered in iridescent
                  | scales. (AC +2) [potion of mutation]
 13884 | Lair:3   | Gained mutation: You are robust. (+10% HP) [potion of
                  | mutation]
 13931 | Lair:3   | Noticed Urug
 13949 | Lair:3   | Killed Urug
 14605 | Lair:4   | Found a staircase to the Swamp.
 15051 | Lair:4   | Identified the cursed +1 chain mail of Insurance {rCorr
                  | Int+3} (You found it on level 3 of the Lair of Beasts)
 15188 | Lair:5   | Found a viscous altar of Jiyva.
 15189 | Lair:5   | Found a staircase to the Slime Pits.
 15614 | Lair:5   | Reached skill level 10 in Dodging
 16200 | Lair:6   | Entered Level 6 of the Lair of Beasts
 16313 | Lair:6   | Reached skill level 13 in Fighting
 16325 | Lair:6   | Received a gift from Trog
 16347 | Lair:6   | HP: 3/96 [blink frog (9)]
 16348 | Lair:6   | Slain by a spiny frog

Skill      XL: |  1  2  3  4  5  6  7  8  9 10 11 12 13 |
---------------+----------------------------------------+-----
Axes           | 3 4 5 6 8 9 10 11 | 11.2
Dodging        | 2 3 4 5 7 8 9 10 | 10.2
Fighting       | 4 5 7 8 9 10 12 13 | 13.1
Armour         | 3 4 5 6 7 9 10 11 12 | 12.8

Action                   |  1- 3 |  4- 6 |  7- 9 | 10-12 | 13-15 || total
-------------------------+-------+-------+-------+-------+-------++-------
Melee: Hand axe          |    88 |   154 |   698 |   391 |       ||  1331
       Broad axe         |       |       |       |   384 |    14 ||   398
       Executioner's axe |       |       |       |       |   189 ||   189
Invok: Berserk           |     1 |     1 |     3 |     6 |     1 ||    12
 Abil: Fly               |       |       |       |       |     1 ||     1
  Use: Scroll            |       |       |    18 |     9 |     6 ||    33
       Potion            |       |       |       |       |     3 ||     3
  Eat: Chunk             |     2 |     6 |    12 |    23 |    10 ||    53
       Ration            |       |       |     4 |     3 |       ||     7
Armor: Animal skin       |    13 |       |       |       |       ||    13
       Chain mail        |    43 |    91 |   155 |       |   154 ||   443
       Plate armour      |       |       |   393 |   720 |   199 ||  1312
Dodge: Dodged            |    35 |    69 |   289 |   378 |   225 ||   996
